cohdb
Replays
Latest Replays
All Replays
Popular Replays
Top Player Replays
Match Explorer
How It Works
Community
CoH3 Stats
Reddit
Sign in to upload your games and track your stats! →
Sign in with Steam
Match 25130319
Unlisted
Match 25130319
Overview
Messages
Build Orders
End
Panzerpioneer Squad
Panzerpioneer Squad
Panzerpioneer Squad
Construct Light Support Kompanie
2.5-tonne Medical Truck
MG34 Team
Fire Support Elements
Panzerjäger Squad
le.IG 18 Mechanized Group
Selects Italian Infantry
Selects Defensive Operations
Combat Half-tracks
Pak 38 Anti-tank Gun Team
Selects Prepared Positions
Panzerjäger Squad
Flakvierling Half-track
Construct Panzerarmee Kommand
Armored Reserves
Panzerjäger Squad
Selects Obice 305mm Barrage
Selects Guastatori Squad
Selects L6/40 Light Tank Combat Group
Panzerjäger Squad
Obice 305mm Barrage
Tiger Heavy Tank
Obice 305mm Barrage
Selects Towed Cannone da 105/28 Field Howitzer
Panzerpioneer Squad
Assault Grenadier Squad
Obice 305mm Barrage
Assault Grenadier Squad
Metalharl
^3
Africanoblanco
RommelF
J. Pickering
DavidBlaineMagic.com
SharkNato
Satyrritter
0
0
Comments
sign in to comment!
No comments posted yet!